Map: Lightshade LE

Players

PureLegacy

  • Race: Terran Terran

Astrea - Winner!

  • Race: Protoss Protoss
  • League: Master

Event: DreamHack SC2 Masters 2021 Summer

VOD

Have the link to the VOD?

Description

Time

  • Played on: May 30, 2021, 3:01 p.m.
  • Length: 3:49

All games in this series

Show
View Real Time Build Order
Export as new Build Order

PureLegacy Terran 

Build Orders:  

Get SALT Encoding   

  12  0:00  SCV  
  13  0:12  SCV  
  14  0:19  Supply Depot  
  14  0:24  SCV  
  15  0:41  Barracks  
  15  0:44  Refinery  
  15  0:57  Barracks  
  15  1:08  Refinery  
  16  1:29  Reaper  
  16  1:31  Barracks  
  16  1:44  Reaper  
  17  1:47  Barracks  
  17  2:02  Reaper  
  18  2:10  Supply Depot  
  18  2:16  Reaper  
  19  2:24  Reaper  
  20  2:34  Reaper  
  20  2:35  Reaper  
  22  2:48  Reaper  
  23  2:58  Reaper  
  23  3:07  Reaper  
  24  3:17  Reaper  
Show
View Real Time Build Order
Export as new Build Order

Astrea Protoss - Winner!

Build Orders: Phoenix Opening 

Get SALT Encoding   

  12  0:00  Probe  
  13  0:12  Probe  
  14  0:17  Pylon  
  14  0:24  Probe (Chrono Boost)  
  15  0:36  Probe (Chrono Boost)  
  15  0:37  Gateway  
  16  0:45  Probe (Chrono Boost)  
  16  0:46  Assimilator  
  17  0:51  Probe  
  18  1:03  Probe  
  19  1:15  Probe  
  20  1:25  Cybernetics Core  
  20  1:27  Probe  
  20  1:28  Assimilator  
  23  1:40  Pylon  
  23  1:41  Probe  
  22  1:53  Probe  
  23  1:58  Stalker (Chrono Boost)  
  23  2:01  Shield Battery  
  23  2:03  Shield Battery  
  23  2:05  Probe  
  26  2:17  Probe  
  26  2:18  Shield Battery  
  26  2:21  Stalker (Chrono Boost)  
  29  2:31  Stargate  
  29  2:34  Pylon  
  28  2:46  Stalker (Chrono Boost)  
  30  2:54  Probe  
  31  3:02  Shield Battery  
  31  3:11  Stalker  
  33  3:17  Phoenix (Chrono Boost)  
  33  3:18  Pylon  
  33  3:19  Gateway  
  35  3:37  Pylon  
  35  3:39  Pylon  
Tags
 
Add a new tag
Caveats
  • Supply blocks, unpowered buildings, or Contaminate may cause inaccurate times.
  • Supply counts are checked every 10 seconds.